 Dungeon Crawl Stone Soup version 0.30.1-9-gdf580d7c3d (webtiles) character file.

Game seed: 13657741586931006079

13225 ChadusMaximus the Convoker (level 12, -9/83 HPs)
             Began as a Human Summoner on Sept 28, 2023.
             Was a Believer of the Shining One.
             Mangled by a sixfirhy (12 damage)
             ... on level 11 of the Dungeon.
             The game lasted 00:26:38 (14145 turns).

ChadusMaximus the Convoker (Human Summoner)        Turns: 14145, Time: 00:26:39

Health: -9/83      AC:  4    Str: 10    XL:     12   Next: 30%
Magic:  17/26      EV: 12    Int: 24    God:    the Shining One [**....]
Gold:   808        SH:  0    Dex: 15    Spells: 10/31 levels left

rFire   . . .        R - +0 halberd
rCold   + . .        (shield currently unavailable)
rNeg    + . .        L - +1 robe
rPois   .            i - +0 hat
rElec   .            (no cloak)
rCorr   .            n - +0 pair of gloves
SInv    .            (no boots)
Will    .....        t - amulet of magic regeneration
Stlth   +            d - ring of protection from cold
HPRegen 0.33/turn    F - +6 ring of intelligence
MPRegen 0.60/turn

%: no passive effects
@: glowing
A: no striking features
a: Renounce Religion, Divine Shield


You were on level 11 of the Dungeon.
You worshipped the Shining One.
The Shining One was pleased with you.
You visited 2 branches of the dungeon, and saw 12 of its levels.
You also visited: Ossuary.

You collected 808 gold pieces.

Inventory:

Hand Weapons
 R - a +0 halberd (weapon)
Missiles
 r - 5 boomerangs (quivered)
 T - a throwing net
Armour
 i - a +0 hat (worn)
 j - a scarf of harm
 n - a +0 pair of gloves (worn)
 L - a +1 robe (worn)
 S - a +0 kite shield
Jewellery
 d - a ring of protection from cold (left hand)
 f - a +5 ring of evasion
 t - an amulet of magic regeneration (around neck)
 F - a +6 ring of intelligence (right hand)
 V - a ring of positive energy
Wands
 a - a wand of quicksilver (15)
 E - a wand of mindburst (10)
 G - a wand of flame (25)
 K - a wand of polymorph (5)
 M - a wand of iceblast (7)
 P - a wand of paralysis (27)
Scrolls
 e - 3 scrolls of enchant armour
 k - 2 scrolls of immolation
 o - 3 scrolls of enchant weapon
 p - 2 scrolls of vulnerability
 q - 5 scrolls of amnesia
 u - a scroll of brand weapon
 v - 3 scrolls of noise
 y - 2 scrolls of fog
 A - 2 scrolls of teleportation
 B - a scroll of acquirement {unknown}
 H - a scroll of magic mapping {unknown}
 O - a scroll of silence {unknown}
 Q - 3 scrolls of identify
 U - a scroll of poison {unknown}
 W - 2 scrolls of blinking
Potions
 b - a potion of magic
 c - a potion of ambrosia {unknown}
 g - a potion of attraction
 h - 3 potions of heal wounds
 l - 2 potions of berserk rage {unknown}
 m - 5 potions of curing {unknown}
 s - 3 potions of lignification
 w - 4 potions of brilliance
 x - a potion of resistance {unknown}
 z - 7 potions of degeneration
 C - 2 potions of might
 D - 3 potions of haste
 I - a potion of mutation {unknown}
 J - 3 potions of cancellation {unknown}
 N - 3 potions of flight {unknown}


   Skills:
 * Level 4.0 Fighting
 - Level 2.1 Dodging
 - Level 2.1 Stealth
 * Level 4.0 Shields
 + Level 10.0 Spellcasting
 + Level 15.0 Summonings


You had 10 spell levels left.
You knew the following spells:

 Your Spells              Type           Power      Damage    Failure   Level
a - Summon Small Mammal   Summ           100%       N/A       0%          1
b - Call Canine Familiar  Summ           71%        N/A       1%          3
c - Call Imp              Summ           100%       N/A       0%          2
d - Summon Lightning Spi  Summ/Air       48%        N/A       2%          4
e - Summon Cactus Giant   Summ           35%        N/A       1%          6
f - Summon Forest         Summ/Tloc      24%        N/A       7%          5

Your spell library contained the following spells:

 Spells                   Type           Power      Damage    Failure   Level
 Summon Guardian Golem    Hex/Summ       48%        N/A       1%          3
 Summon Mana Viper        Hex/Summ       48%        N/A       7%          5
 Ensorcelled Hibernation  Hex/Ice        24%        N/A       8%          2
 Sublimation of Blood     Necr           12%        N/A       8%          2
 Wereblood                Tmut           12%        N/A       8%          2
 Summon Hydra             Summ           35%        N/A       10%         7
 Inner Flame              Hex/Fire       12%        N/A       16%         3
 Spider Form              Tmut/Pois      12%        N/A       16%         3
 Anguish                  Hex/Necr       6%         N/A       45%         4
 Flame Wave               Conj/Fire      12%        2d6       45%         4
 Sticky Flame             Conj/Fire      12%        2d4       45%         4
 Blade Hands              Tmut           6%         N/A       82%         5
 Irradiate                Conj/Tmut      6%         3d13      82%         5
 Dragon Form              Tmut           6%         N/A       100%        7
 Storm Form               Tmut/Air       6%         N/A       100%        7
 Maxwell's Capacitive Co  Air            6%         ∞         100%        8


Dungeon Overview and Level Annotations

Branches:
Dungeon (11/15)            Temple (1/1) D:5             Orc (0/2) D:10
Ossuary (visited)
   Lair: D:8-11

Altars:
Ashenzari
Cheibriados
Dithmenos
Elyvilon
Fedhas
Gozag
Hepliaklqana
Kikubaaqudgha
Makhleb
Nemelex Xobeh
Okawaru
Qazlal
Ru
Sif Muna
Trog
Uskayaw
Vehumet
Wu Jian
Xom
Yredelemnul
Zin
The Shining One

Shops:
D:5 =   D:6 *

Portals:
Trove: D:10 (give 16 scrolls of teleportation)

Annotations:
D:9 1 runed translucent door


Message History

The quasit gives a chilling moan.
Casting: Summon Lightning Spire (dangerous; 2% risk of failure)
Confirm with . or Enter, or press ? or * to list all spells.
An electric hum fills the air.
Casting: Summon Lightning Spire (dangerous; 2% risk of failure)
Confirm with . or Enter, or press ? or * to list all spells.
Your lightning spire shoots out a bolt of lightning at the quasit!
The bolt of electricity misses the quasit.
A quasit is nearby!
This spell is quite dangerous to cast!
Memorise Summon Hydra, consuming 7 spell levels and leaving 3?
Your lightning spire shoots out a bolt of lightning at the quasit!
The bolt of electricity hits the quasit! x2
The quasit dies!
The Shining One accepts your kill.
The bolt of electricity hits your lightning spire.
Your lightning spire completely resists.
Your Fighting skill increases to level 4!
You start memorising the spell.
You continue memorising. x6
The sixfirhy hits you but does no damage.
Your memorisation is interrupted.
The sixfirhy closely misses you. The sixfirhy hits you.
The sixfirhy shocks you! The sixfirhy hits you! The sixfirhy shocks you!
Casting: Summon Cactus Giant (dangerous; 1% risk of failure)
Confirm with . or Enter, or press ? or * to list all spells.
The sixfirhy misses you.
Your cactus giant hits the sixfirhy with a +0 giant spiked club!!
The sixfirhy attacks as you move away! The sixfirhy hits you!
The sixfirhy shocks you!
Your warg bites the sixfirhy!
Your warg misses the sixfirhy.
Casting: Call Canine Familiar (safe; 1% risk of failure)
Confirm with . or Enter, or press ? or * to list all spells.
An electric hum fills the air.
Your lightning spire disappears in a puff of smoke!
The sixfirhy hits you. The sixfirhy shocks you!
* * * LOW HITPOINT WARNING * * *
The sixfirhy hits you!
* * * LOW HITPOINT WARNING * * *
The sixfirhy shocks you!
You die...

#.>.≈≈P# #..§≈§.##
#..§§§P. #...5..#
#$..§C.# #.....h#
#......# #.....3#
############
######@#####..#...#....
#..8.....'...#....
#........#####....
#.................
###########.......
#....... #...♣...
#....~~~ #.....~~


You could see a sixfirhy (ally target), a quasit, a friendly cactus giant
(summoned), a friendly warg (summoned) and a friendly lightning spire
(summoned).

Vanquished Creatures
  A bullfrog (D:6)
  A jelly (D:6)
  Natasha (twice) (D:4)
  An iguana (D:6)
  Robin (D:4)
  4 adders
  2 shadow imps
  An ufetubus (D:4)
  2 worms
  3 dart slugs
  8 orcs
  6 ball pythons
  An endoplasm (D:2)
  5 giant cockroaches
  8 goblins
  8 hobgoblins
  2 jackals (D:3)
  9 kobolds
  3 quokkas
  10 bats
  3 frilled lizards
  A hobgoblin zombie (Ossuary)
  A kobold zombie (Ossuary)
  5 rats
88 creatures vanquished.

Vanquished Creatures (collateral kills)
  Gastronok (D:9)
  A centaur warrior (D:8)
  Pikel (D:7)
  A cyclops (D:11)
  Joseph (D:7)
  An orange demon (D:11)
  A smoke demon (D:10)
  A kobold demonologist (D:10)
  An unseen horror (D:11)
  2 trolls
  A hornet (D:8)
  A hellwing (D:10)
  A nameless horror (D:8)
  13 yaks
  A ynoxinul (D:11)
  7 wraiths
  2 fire bats (D:9)
  3 wyverns
  2 steam dragons
  A warg (D:10)
  Duvessa (D:5)
  An acid dragon (D:9)
  4 orc warriors
  An ice beast (D:7)
  2 sky beasts
  3 black bears
  2 ogres (D:5)
  3 centaurs
  2 phantoms
  4 lemures (D:7)
  4 kobold brigands
  Blork the orc (D:4)
  2 bullfrogs
  A scorpion (D:6)
  2 gnoll sergeants
  4 wights
  Dowan (D:5)
  9 killer bees
  4 howler monkeys
  2 quasits (D:11)
  A jelly (D:6)
  3 orc priests
  An iguana (D:7)
  A gnoll bouda (D:6)
  A sleepcap (D:8)
  Ijyb (D:4)
  Natasha (D:4)
  6 orc wizards
  8 mummies (Ossuary)
  3 adders
  15 gnolls
  2 shadow imps
  A white imp (D:8)
  An ufetubus (D:5)
  2 dart slugs
  21 orcs
  5 bats (D:9)
  An endoplasm (D:5)
  A giant cockroach (D:4)
  A gnoll zombie (Ossuary)
  6 goblins (D:4)
  A hobgoblin (D:4)
  4 jackals (D:5)
  13 kobolds
  A quokka (D:5)
  A hobgoblin zombie (Ossuary)
  A kobold zombie (Ossuary)
  3 orc zombies (Ossuary)
202 creatures vanquished.

Vanquished Creatures (others)
  An orc wizard (D:8)
1 creature vanquished.

Grand Total: 291 creatures vanquished

Notes
Turn   | Place    | Note
-------+----------+-------------------------------------------
     0 | D:1      | ChadusMaximus the Human Summoner began the quest for the
                  | Orb.
     0 | D:1      | Reached XP level 1. HP: 13/13 MP: 3/3
   259 | D:1      | Reached XP level 2. HP: 19/19 MP: 5/5
   628 | D:1      | Reached XP level 3. HP: 22/24 MP: 6/6
  1167 | D:2      | Reached XP level 4. HP: 28/30 MP: 7/7
  1199 | D:2      | Reached skill level 5 in Summonings
  1473 | D:2      | Learned a level 3 spell: Call Canine Familiar
  1476 | D:2      | Learned a level 2 spell: Call Imp
  1493 | D:3      | Found a stormy altar of Qazlal.
  1724 | D:3      | You fall into a shaft and drop 3 floors!
  1731 | D:6      | Found Wuheuham's Assorted Antiques.
  1745 | D:6      | Reached XP level 5. HP: 21/35 MP: 9/9
  1902 | D:6      | Reached XP level 6. HP: 32/41 MP: 7/11
  1975 | D:6      | Reached skill level 6 in Summonings
  1991 | D:6      | Found an ancient bone altar of Kikubaaqudgha.
  2105 | D:5      | Entered Level 5 of the Dungeon
  2139 | D:5      | Reached XP level 7. HP: 30/46 MP: 11/13
  2268 | D:4      | Noticed Ijyb
  2290 | D:5      | Reached skill level 7 in Summonings
  2415 | D:4      | Noticed Natasha
  2424 | D:4      | Killed Natasha
  2462 | D:4      | Found a sand-covered staircase.
  2471 | Ossuary  | Entered an ossuary
  2918 | D:4      | Noticed Natasha
  2924 | D:4      | Killed Natasha
  2989 | D:4      | Killed Ijyb
  3004 | D:4      | Noticed Natasha
  3011 | D:4      | Killed Natasha
  3256 | D:4      | Reached XP level 8. HP: 52/52 MP: 13/15
  3313 | D:4      | Noticed Robin
  3313 | D:4      | Noticed Blork the orc
  3326 | D:4      | Reached skill level 8 in Summonings
  3800 | D:4      | Killed Blork the orc
  3801 | D:4      | Reached skill level 5 in Spellcasting
  3899 | D:4      | Killed Robin
  4039 | D:5      | Found a staircase to the Ecumenical Temple.
  4039 | D:5      | Noticed Duvessa
  4039 | D:5      | Noticed Dowan
  4061 | D:5      | Killed Duvessa
  4066 | D:5      | Killed Dowan
  4162 | Temple   | Entered the Ecumenical Temple
  4187 | Temple   | Became a worshipper of the Shining One
  4225 | D:5      | Found Usitij's Jewellery Boutique.
  4436 | D:5      | Reached skill level 9 in Summonings
  5028 | D:5      | Learned a level 4 spell: Summon Lightning Spire
  5098 | D:6      | Reached XP level 9. HP: 57/57 MP: 17/17
  5892 | D:6      | Found a broken altar of Ashenzari.
  5999 | D:7      | Noticed Pikel
  6021 | D:7      | Killed Pikel
  6022 | D:7      | Reached skill level 10 in Summonings
  6340 | D:7      | HP: 3/85 [poisoned by a kobold brigand (curare-tipped
                  | dart)]
  6342 | D:7      | HP: 1/85 [poisoned by a kobold brigand (curare-tipped
                  | dart)]
  6518 | D:7      | Noticed Joseph
  6528 | D:7      | Killed Joseph
  6529 | D:7      | Reached skill level 11 in Summonings
  6731 | D:7      | Found a radiant altar of Vehumet.
  6807 | D:7      | Found a shadowy altar of Dithmenos.
  6808 | D:7      | Found an ornate altar of the Wu Jian Council.
  6808 | D:7      | Found a burning altar of Makhleb.
  6825 | D:7      | Found a shimmering altar of Xom.
  6827 | D:7      | Found a hide-covered altar of Uskayaw.
  6827 | D:7      | Found an opulent altar of Gozag.
  6828 | D:7      | Found a hazy altar of Hepliaklqana.
  6980 | D:7      | Reached XP level 10. HP: 51/63 MP: 20/20
  7140 | D:7      | Learned a level 6 spell: Summon Cactus Giant
  7146 | D:7      | Learned a level 5 spell: Summon Forest
  7732 | D:8      | Reached skill level 12 in Summonings
  8117 | D:8      | Noticed a nameless horror
  8121 | D:8      | Killed a nameless horror
  8506 | D:8      | Reached * piety under the Shining One
  8768 | D:8      | Found a snail-covered altar of Cheibriados.
  9002 | D:8      | Noticed a centaur warrior
  9006 | D:8      | Killed a centaur warrior
  9007 | D:8      | Reached skill level 13 in Summonings
  9007 | D:8      | Reached XP level 11. HP: 40/68 MP: 14/23
  9283 | D:9      | Noticed Gastronok
  9296 | D:9      | Killed Gastronok
  9297 | D:9      | Reached skill level 14 in Summonings
  9716 | D:9      | Found a blossoming altar of Fedhas.
  9987 | D:9      | Found an iron altar of Okawaru.
 10369 | D:9      | Found a runed translucent door.
 10443 | D:9      | Found a broken altar of Ashenzari.
 10460 | D:9      | Found an opulent altar of Gozag.
 10584 | D:9      | Found an ornate altar of the Wu Jian Council.
 10793 | D:9      | Found a sparkling altar of Nemelex Xobeh.
 10827 | D:9      | Found a white marble altar of Elyvilon.
 10848 | D:9      | Found a basalt altar of Yredelemnul.
 10862 | D:9      | Reached ** piety under the Shining One
 11062 | D:9      | Noticed a flayed ghost
 11137 | D:10     | Entered Level 10 of the Dungeon
 11932 | D:9      | Reached skill level 1 in Fighting
 11932 | D:9      | Reached skill level 1 in Shields
 12114 | D:10     | Found a portal to a secret trove of treasure.
 12267 | D:10     | Found a basalt altar of Yredelemnul.
 12604 | D:10     | Found a staircase to the Orcish Mines.
 12745 | D:10     | Reached XP level 12. HP: 58/80 MP: 17/25
 14013 | D:11     | Reached skill level 10 in Spellcasting
 14018 | D:11     | Reached skill level 15 in Summonings
 14137 | D:11     | Noticed a sixfirhy
 14145 | D:11     | HP: 3/83 [sixfirhy (10)]
 14145 | D:11     | Mangled by a sixfirhy

Illustrated notes

Levels and vault maps discovered:
D:1:      heliophobic_arrival_ceremonial_halls, layout_basic, minivault_26,
          minmay_cupped
D:2:      cheibrodos_helix_gallery, layout_rooms
D:3:      layout_basic, grunt_qazlal_sundering, minmay_misc_feat_iff
D:4:      layout_cave_pools, chequers_ossuary_entry_cave, uniq_robin,
          uniq_natasha, uniq_blork_the_orc, uniq_ijyb
D:5:      layout_loops_ring, temple_green, serial_shops,
          nicolae_shop_pleasant_corner_grove, minmay_misc_feat_tiny,
          uniq_duvessa
D:6:      layout_basic, kennysheep_mini, kiku_gazebo_pond_becter, serial_shops,
          nicolae_shop_advertising_works [nicolae_subvault_shop_adworks],
          serial_rivers, chequers_serial_rivers_small_b,
          chequers_serial_rivers_small_b, chequers_serial_rivers_micro_c,
          chequers_serial_rivers_micro_e
D:7:      layout_basic, grunt_temple_overflow_open, kennysheep_small_circle,
          uniq_pikel, uniq_joseph
D:8:      minmay_quarter_circles, layout_loops_corners, lemuel_crystal_altar,
          serial_park_tiny_2
D:9:      due_megacathedral, layout_basic, old_standard_altar,
          nicolae_overflow_hidden_temple, uniq_gastronok
D:10:     layout_basic, lemuel_tele_altar, david_orc_1_choice, enter_trove_1
D:11:     layout_irregular_city, erik_lair_dragon, serial_demonic,
          serial_demonic_f, serial_demonic_g, serial_demonic_b,
          serial_demonic_c, lemuel_nasty_fountain
Temple:   hellmonk_temple_two_chambers

Skill      XL: |  1  2  3  4  5  6  7  8  9 10 11 12 |
---------------+-------------------------------------+-----
Summonings     | 5 6 7 9 11 13 14 15 | 15.0
Spellcasting   | 3 4 5 7 8 9 10 | 10.0
Fighting       | 2 4 |  4.0
Shields        | 2 4 |  4.0
Dodging        | |  2.1
Stealth        | |  2.1

Action                     |  1- 3 |  4- 6 |  7- 9 | 10-12 || total
---------------------------+-------+-------+-------+-------++-------
  Melee: Short sword       |    72 |    94 |    92 |       ||   258
         Unarmed           |     5 |       |       |       ||     5
         Punch             |       |       |     1 |       ||     1
         Halberd           |       |       |    14 |    72 ||    86
         Whip              |       |       |     4 |       ||     4
   Cast: Summon Small Mamm |     5 |     9 |    40 |    13 ||    67
         Call Imp          |       |     4 |    14 |       ||    18
         Call Canine Famil |       |     6 |    30 |    32 ||    68
         Summon Lightning  |       |       |    10 |    28 ||    38
         Summon Cactus Gia |       |       |       |    42 ||    42
    Use: Scroll            |       |       |     5 |     8 ||    13
         Potion            |       |       |     6 |       ||     6
   Stab: Sleeping          |     7 |     2 |       |       ||     9
         Distracted        |       |       |     1 |       ||     1
 Armour: Robe              |    12 |    22 |    36 |    47 ||   117
         Skin              |       |       |     2 |       ||     2
  Dodge: Dodged            |    46 |    81 |   103 |   159 ||   389
